 Dungeon Crawl Stone Soup version bcrawl-1.17.3 (webtiles) character file.

Game seed: 11644473404322902205

75879 Chiseanne the Peltast (level 15, -5/119 HPs)
             Began as a Mummy Archaeologist on Oct 26, 2019.
             Was an Initiate of Gozag.
             Slain by a thorn hunter (14 damage)
             ... on level 1 of the Swamp.
             The game lasted 01:20:12 (29114 turns).

Chiseanne the Peltast (Mummy Archaeologist)        Turns: 29114, Time: 01:20:12

Health: -5/119     AC: 18    Str: 17    XL:     15   Next: 10%
Magic:  0/31       EV: 20    Int: 22    God:    Gozag
Gold:   1045       SH: 15    Dex: 15    Spells: 11/24 levels left

rFire    . . .     SeeInvis .   a - +9 flail "Qenyidul" {elec, rPois Dex+3}
rCold    + + +     Gourm    .   u - +1 shield {reflect}
rNeg     + + +     Faith    .   f - +4 skin of Zhor {+Rage rC+++ Slay+4}
rPois    ∞         Spirit   +   i - +2 helmet {Int+3}
rElec    .         Reflect  +   P - scarf {rC+ rF+}
rCorr    .         Harm     .   N - +1 pair of gloves {archery}
MR       +....     Clarity  +   B - +2 pair of boots {run}
Stlth    ++........             T - amulet of guardian spirit
HPRegen  0.29/turn              X - +3 ring of protection
MPRegen  0.22/turn              S - ring of the Octopus King {MP+9 AC+1 EV+1 Str+1 Int+1 Dex+1}

@: quick
A: no food or potions, fire vulnerability, clarity, cold resistance 1, negative
energy resistance 3, torment resistance, unbreathing, in touch with death 1
a: Potion Petition, Call Merchant, Bribe Branch, Renounce Religion


You were on level 1 of the Swamp.
You worshipped Gozag.
Gozag was most pleased with you.
You were not hungry.

You visited 5 branches of the dungeon, and saw 21 of its levels.
You also visited: Bailey.

You collected 8822 gold pieces.
You spent 3736 gold pieces at shops.
You paid 4041 gold pieces to Gozag.

Inventory:

Hand Weapons
 a - the +9 flail "Qenyidul" (weapon) {elec, rPois Dex+3}
   (You bought it in a shop on level 10 of the Dungeon)

   Occasionally, upon striking a foe, it will discharge some electrical energy
   and cause terrible harm.
   It affects your dexterity (+3).
   It protects you from poison.
 q - a +0 blowgun
 s - the +2 spear of Devotion {pierce, rF+ rC- rN+ Dex+2}
   (You found it on level 3 of the Lair of Beasts)

   It inflicts extra damage upon your enemies.
   It affects your dexterity (+2).
   It protects you from fire.
   It makes you vulnerable to cold.
   It protects you from negative energy.
Missiles
 b - 383 javelins
 e - 560 tomahawks (quivered)
 v - 49 curare-tipped needles
 G - 3 throwing nets {!f}
Armour
 f - the +4 skin of Zhor (worn) {+Rage rC+++ Slay+4}

   It affects your accuracy and damage with ranged weapons and melee attacks
   (+4).
   It renders you almost immune to cold.
   It lets you go berserk.
 i - a +2 helmet of intelligence (worn)
 u - a +1 shield of reflection (worn)
 B - a +2 pair of boots of running (worn)
 N - a +1 pair of gloves of archery (worn)
 P - a scarf of resistance (worn)
Jewellery
 z - the amulet of Reuliav {rPois rF+ rC++ MR- Regen+}
   (You bought it in a shop on level 7 of the Dungeon)

   [amulet of regeneration]

   It protects you from fire.
   It greatly protects you from cold.
   It protects you from poison.
   It affects your resistance to hostile enchantments.
   It increases your rate of regeneration.
 S - a ring of the Octopus King (right hand) {MP+9 AC+1 EV+1 Str+1 Int+1 Dex+1}
   (You bought it in a shop on level 9 of the Dungeon)

   [ring of magical power]

   It affects your AC (+1).
   It affects your evasion (+1).
   It affects your strength (+1).
   It affects your intelligence (+1).
   It affects your dexterity (+1).
   It affects your magic capacity (+9).
 T - an amulet of guardian spirit (around neck)
 X - a +3 ring of protection (left hand)
Wands
 o - a wand of disintegration (13)
 p - a wand of flame (22)
 t - a wand of iceblast (6)
 D - a wand of paralysis (5)
 O - a wand of digging (25)
 W - a wand of enslavement (9)
Scrolls
 c - 3 scrolls of magic mapping
 d - a scroll of blinking
 g - 9 scrolls of identify
 n - 10 scrolls of teleportation
 C - 2 scrolls of fog
 E - 4 scrolls of fear
 F - 11 scrolls of remove curse
 U - a scroll of immolation
Miscellaneous
 I - a phial of floods (inert)
 M - 2 phantom mirrors
 Q - a lightning rod (4/4)
 R - a fan of gales


   Skills:
 - Level 11.4 Fighting
   Level 4.6 Axes
 - Level 0.7(2.9) Maces & Flails
 - Level 9.8 Dodging
 - Level 2.6 Stealth
 - Level 15.0 Shields
 - Level 5.1 Spellcasting
 * Level 4.8 Conjurations
 * Level 1.0 Hexes
 * Level 2.3 Summonings
 - Level 3.4 Translocations
 * Level 2.4 Fire Magic
 - Level 4.3 Air Magic
 - Level 3.4 Poison Magic


You had 11 spell levels left.
You knew the following spells:

 Your Spells              Type           Power        Failure   Level  Hunger
a - Blink                 Tloc           N/A          3%          2    N/A
b - Apportation           Tloc           ###...       2%          1    N/A
c - Conjure Flame         Conj/Fire      ###.....     7%          3    N/A
d - Mephitic Cloud        Conj/Pois/Air  ###.....     5%          3    N/A
e - Summon Butterflies    Summ           ###.....     3%          1    N/A
f - Confuse               Hex            ##......     19%         3    N/A

Your spell library contained the following spells:

 Spells                   Type           Power        Failure   Level  Hunger
 Magic Dart               Conj           ####         1%          1    N/A
 Corona                   Hex            ##.....      6%          1    N/A
 Slow                     Hex            ##......     6%          1    N/A
 Call Imp                 Summ           ###.....     6%          2    N/A
 Dazzling Spray           Conj/Hex       ###...       9%          3    N/A
 Infusion                 Chrm           #.......     10%         1    N/A
 Sandblast                Erth           #.....       10%         1    N/A
 Shackle                  Hex            ##......     10%         2    N/A
 False Image              Hex/Summ       ##......     14%         3    N/A
 Inner Flame              Hex/Fire       N/A          14%         3    N/A
 Cause Fear               Hex            ##........   54%         4    N/A
 Yara's Violent Unravell  Hex/Tmut       #.........   63%         4    N/A
 Petrify                  Tmut/Erth      #.......     69%         4    N/A
 Iskenderun's Battlesphe  Conj/Chrm      ###.....     71%         5    N/A
 Metabolic Englaciation   Hex/Ice        #.........   92%         5    N/A
 Poison Arrow             Conj/Pois      ###.......   95%         6    N/A
 Iron Shot                Conj/Erth      ###.......   99%         6    N/A
 Mana Rupture             Conj/Hex       ###.......   100%        7    N/A
 Orb of Destruction       Conj           ####......   100%        7    N/A
 Spellforged Servitor     Conj/Summ      ###.......   100%        7    N/A

Dungeon Overview and Level Annotations

Branches:
Dungeon (12/12)            Temple (1/1) D:4            Lair (6/6) D:7
  Swamp (1/3) Lair:2       Spider (0/3) Lair:2        Slime (0/5) Lair:6
    Orc (1/1) D:11         Vaults (0/3) D:12         Depths (0/5) D:12
    Elf: Orc:1

Altars:
Ashenzari
Cheibriados
Dithmenos
Elyvilon
Gozag
Hepliaklqana
Kikubaaqudgha
Lugonu
Makhleb
Nemelex Xobeh
Okawaru
Qazlal
Ru
Sif Muna
Trog
Uskayaw
Vehumet
Wu Jian
Xom
Yredelemnul
Zin
The Shining One
Jiyva

Shops:
D:5 [   D:7 [=[   D:9 =   D:10 (   D:11 [[=[   D:12 [

Annotations:
Lair:1 3 runed translucent doors, exclusion: 2 oklob plants, Qoguh's ghost, novice VSRg
Lair:6 2 runed doors


Innate Abilities, Weirdness & Mutations

You do not eat or drink.
Your flesh is vulnerable to fire.
You are immune to poison.
You possess an exceptional clarity of mind.
Your flesh is cold resistant. (rC+)
You are immune to negative energy. (rN+++)
You are immune to unholy pain and torment.
You can survive without breathing.
You are in touch with the powers of death.


Message History

The vampire mosquito barely misses you. You block the thorn hunter's attack.
The thorn hunter hits you!
The vampire mosquito bites you but does no damage.
You sock the thorn hunter!
Lightning courses through the thorn hunter!!
The thorn hunter is almost destroyed.
You block the vampire mosquito's attack.
The thorn hunter fires a volley of thorns at you.
The volley of thorns hits you!
* * * LOW HITPOINT WARNING * * *
You block the vampire mosquito's attack.
The thorn hunter gestures.
The vampire mosquito barely misses you.
You thump the thorn hunter!
The thorn hunter is almost destroyed.
The vampire mosquito bites you.
* * * LOW HITPOINT WARNING * * *
The thorn hunter hits you!
You die...
Your body crumbles into a pile of gold. ♣♣≈.♣ ♣...♣ . ♣♣PP.♣ ..♣ .♣ ♣PPP♣♣♣♣PP♣ P♣ ♣♣.≈♣ ♣P♣P♣ PP♣

♣.§♣ ♣?♣.♣..≈♣
♣..♣ ♣.♣.♣..≈♣
♣♣..♣♣♣≈♣.....♣
♣.≈≈@♣..$.♣..≈
♣..y♣fy≈.♣..≈≈♣
♣♣♣.♣♣..♣♣$♣.≈≈.♣
♣...♣♣♣...≈≈...≈♣
♣.♣.......≈≈≈..♣≈
♣♣....♣≈.≈≈≈≈...≈
♣♣...≈≈.≈.≈.§≈≈.
♣.≈≈....≈...≈≈§≈
♣♣.≈.≈♣≈≈♣.♣♣.≈≈


You could see a thorn hunter and 2 vampire mosquitoes.

Vanquished Creatures
  Kirke (Lair:5)
  Snorg (Lair:5)
  An ettin (D:12)
  11 hydras
  4 vault guards (D:12)
  3 catoblepae
  5 centaur warriors
  3 two-headed ogres (D:12)
  A tengu warrior (D:12)
  A deep elf knight (D:12)
  Sonja (Lair:3)
  2 unseen horrors (D:12)
  2 swamp dragons (Swamp:1)
  A deep troll (D:12)
  3 lindwurms
  Pikel (D:6)
  2 orc knights (Bailey)
  A necromancer (Lair:4)
  A cyclops (D:12)
  3 deep elf magi
  An orc sorcerer (Bailey)
  A wolf spider (D:12)
  14 elephants
  7 black mambas
  4 centaur zombies
  Maurice (D:10)
  2 black mambas (shapeshifter) (D:12)
  An ugly thing (D:10)
  An apocalypse crab (D:12)
  2 molten gargoyles (Lair:6)
  3 gargoyles
  11 cane toads
  A rime drake (shapeshifter) (D:11)
  3 kobold demonologists
  2 demonic crawlers (D:12)
  13 komodo dragons
  A yaktaur (D:12)
  A yaktaur (shapeshifter) (D:12)
  An efreet (D:8)
  A tengu conjurer (D:12)
  2 polar bears (Lair:5)
  3 tyrant leeches
  5 trolls
  6 jumping spiders (Lair:2)
  6 hippogriffs
  A dream sheep (D:11)
  9 blink frogs
  A wraith (D:11)
  5 wyverns
  Sigmund (D:6)
  3 redbacks
  A human (shapeshifter) (D:12)
  A human (Lair:5)
  2 basilisks (Lair:6)
  18 yaks
  A hog (Lair:5)
  5 fire bats
  2 hungry ghosts
  5 vampire mosquitoes
  A swamp worm (Swamp:1)
  An acid dragon (D:7)
  3 hell hounds (Lair:6)
  8 water moccasins
  3 porcupines
  Duvessa (D:6)
  4 ice beasts
  A hornet zombie (D:10)
  24 orc warriors
  3 wolves (Lair:3)
  2 sky beasts
  2 elephant zombies (Lair:4)
  2 eyes of draining
  A slave (D:6)
  An eye of draining (shapeshifter) (D:12)
  A phantom (D:6)
  16 crocodiles
  7 ogres
  4 bullfrogs
  9 centaurs
  A komodo dragon zombie (Lair:4)
  6 big kobolds
  Dowan (D:6)
  A water moccasin skeleton (D:5)
  3 scorpions
  3 wights (D:11)
  2 vampire bats (D:12)
  9 howler monkeys
  10 electric eels
  2 crimson imps
  3 lava snakes (Lair:6)
  A bullfrog zombie (D:8)
  2 jellies
  6 orc priests
  Crazy Yiuf (D:3)
  2 bullfrog skeletons
  4 hounds
  13 orc wizards
  6 centaur skeletons
  An iguana (D:11)
  16 worker ants
  A crocodile zombie (Lair:4)
  A worker ant zombie (D:8)
  11 adders
  7 gnolls
  5 shadow imps
  2 oozes
  An adder zombie (D:6)
  An adder skeleton (D:4)
  13 worms
  5 dart slugs
  A leopard gecko (D:1)
  69 orcs
  8 giant cockroaches
  24 goblins
  19 hobgoblins
  17 jackals
  3 quokkas
  7 ball pythons
  14 bats
  4 frilled lizards
  32 kobolds
  5 rats
  13 fungi
  5 plants
651 creatures vanquished.

Vanquished Creatures (collateral kills)
  Rupert (D:12)
  Harold (Lair:1)
2 creatures vanquished.

Vanquished Creatures (others)
  A sky beast (D:12)
  A slave (D:6)
  An ogre (D:6)
  A quasit (D:6)
  2 orcs (D:12)
  2 kobolds (D:6)
  4 fungi
  6 plants
18 creatures vanquished.

Grand Total: 671 creatures vanquished

Notes
Turn   | Place    | Note
-------+----------+-------------------------------------------
     0 | D:1      | Chiseanne the Mummy Archaeologist began the quest for the
                  | Orb.
     0 | D:1      | Reached XP level 1. HP: 15/15 MP: 1/1
   376 | D:1      | Reached XP level 2. HP: 22/22 MP: 2/2
  1097 | D:2      | Reached XP level 3. HP: 29/29 MP: 3/3
  1127 | D:2      | Found a faded altar of an unknown god.
  1267 | D:2      | Reached XP level 4. HP: 32/35 MP: 4/4
  1477 | D:2      | Found a glowing golden altar of the Shining One.
  2399 | D:3      | Reached skill level 5 in Dodging
  2497 | D:3      | Reached XP level 5. HP: 41/41 MP: 5/5
  3378 | D:3      | Found a runed door.
  3389 | D:3      | Noticed Crazy Yiuf
  3396 | D:3      | Killed Crazy Yiuf
  3464 | D:4      | Noticed a sky beast
  3477 | D:4      | Killed a sky beast
  3477 | D:4      | Reached XP level 6. HP: 47/47 MP: 6/6
  3662 | D:4      | Found a staircase to the Ecumenical Temple.
  3677 | Temple   | Entered the Ecumenical Temple
  3802 | Temple   | Became a worshipper of Gozag Ym Sagoz the Greedy
  4017 | D:4      | Learned a level 2 spell: Blink
  4565 | D:5      | Entered Level 5 of the Dungeon
  4818 | D:5      | Reached skill level 1 in Axes
  4818 | D:5      | Reached skill level 2 in Shields
  4818 | D:5      | Reached XP level 7. HP: 26/54 MP: 7/7
  5166 | D:5      | Reached skill level 5 in Fighting
  5166 | D:5      | Reached skill level 3 in Shields
  5166 | D:5      | Reached XP level 8. HP: 58/62 MP: 8/8
  5450 | D:5      | Found Ikhilapeu's Armour Emporium.
  5456 | D:5      | Bought a +0 helmet of intelligence for 126 gold pieces
  5469 | D:5      | Bought a +0 pair of gloves for 49 gold pieces
  5912 | D:6      | Noticed Pikel
  5935 | D:6      | Killed Pikel
  5935 | D:6      | Reached skill level 4 in Shields
  6070 | D:6      | Reached XP level 9. HP: 69/71 MP: 9/9
  6091 | D:6      | Reached skill level 5 in Shields
  6259 | D:6      | Noticed Sigmund
  6267 | D:6      | Killed Sigmund
  6439 | D:6      | Noticed Dowan
  6484 | D:6      | Noticed Duvessa
  6497 | D:6      | Killed Duvessa
  6500 | D:6      | Killed Dowan
  6835 | D:7      | Got a spiked ring mail
  6967 | D:7      | Found Nequm's Antique Armour Shop.
  6983 | D:7      | Bought a pair of embroidered boots for 195 gold pieces
  6993 | D:7      | Identified a +2 pair of boots of running (You bought it in
                  | a shop on level 7 of the Dungeon)
  7057 | D:7      | Reached skill level 6 in Shields
  7175 | D:7      | Noticed a troll
  7182 | D:7      | Killed a troll
  7347 | D:6      | Identified the +5 ring mail "Saimeulu" {Str+2 Slay+2} (You
                  | found it on level 7 of the Dungeon)
  7374 | D:7      | Reached XP level 10. HP: 46/82 MP: 10/10
  7531 | D:7      | Found a staircase to the Lair.
  7927 | D:8      | Reached skill level 7 in Shields
  8633 | D:9      | Noticed a centaur warrior
  8644 | D:9      | Killed a centaur warrior
  8703 | D:9      | Found a flagged portal.
  8709 | Bailey   | Entered a bailey
  8863 | Bailey   | Found an iron altar of Okawaru.
  8867 | Bailey   | Noticed an orc sorcerer
  8867 | Bailey   | Paralysed by an orc sorcerer for 2 turns
  8883 | Bailey   | Noticed a smoke demon
  8889 | Bailey   | Killed an orc sorcerer
  9187 | Bailey   | Noticed an orc knight
  9205 | Bailey   | Killed an orc knight
  9205 | Bailey   | Reached skill level 10 in Fighting
  9511 | Bailey   | Found the +6 lightning scales {run, rElec}
  9583 | Bailey   | Reached skill level 8 in Shields
  9873 | Bailey   | Noticed an orc knight
  9882 | Bailey   | Killed an orc knight
 10048 | D:9      | Reached XP level 11. HP: 83/91 MP: 11/11
 10506 | D:10     | Entered Level 10 of the Dungeon
 10506 | D:10     | Found Yklomorch's Weapon Emporium.
 10863 | D:10     | Noticed Maurice
 10872 | D:10     | Killed Maurice
 11018 | D:10     | Found a glowing silver altar of Zin.
 12351 | D:10     | Noticed a red ugly thing
 12361 | D:10     | Killed a red ugly thing
 12516 | D:10     | Bought the +9 flail "Qenyidul" {elec, rPois Dex+3} for 1210
                  | gold pieces
 12521 | D:11     | Noticed a two-headed ogre
 12524 | D:11     | a two-headed ogre changed into a dream sheep
 12598 | D:11     | Noticed a deep elf mage
 12609 | D:11     | Killed a deep elf mage
 12888 | D:11     | Reached skill level 9 in Shields
 13366 | D:11     | Found a staircase to the Orcish Mines.
 13367 | D:11     | Noticed a four-headed hydra
 13450 | D:11     | Found Esuymag's Antique Armour Boutique.
 13528 | D:11     | Bought an embroidered cloak for 255 gold pieces
 13539 | D:11     | Killed a four-headed hydra
 13539 | D:11     | Reached XP level 12. HP: 88/100 MP: 12/12
 13557 | D:11     | Learned a level 1 spell: Apportation
 13561 | D:11     | Learned a level 3 spell: Conjure Flame
 13565 | D:11     | Learned a level 3 spell: Mephitic Cloud
 13762 | D:11     | Bought a pair of embroidered gloves for 195 gold pieces
 13787 | D:11     | Bought a glowing cloak for 195 gold pieces
 13812 | D:12     | Entered Level 12 of the Dungeon
 13817 | D:12     | Reached skill level 1 in Spellcasting
 13925 | D:12     | Reached skill level 1 in Conjurations
 13925 | D:12     | Reached skill level 1 in Translocations
 13925 | D:12     | Reached skill level 1 in Air Magic
 13925 | D:12     | Reached skill level 1 in Poison Magic
 14703 | D:11     | Bought a cursed amulet of inaccuracy for 28 gold pieces
 15156 | D:12     | Noticed Rupert
 15319 | Orc      | Entered the Orcish Mines
 15749 | Orc      | Noticed a centaur warrior
 16553 | Lair:1   | Entered Level 1 of the Lair of Beasts
 17367 | Lair:1   | Noticed a seven-headed hydra
 17379 | Lair:1   | Killed a seven-headed hydra
 17379 | Lair:1   | Reached skill level 5 in Spellcasting
 17549 | Lair:1   | Learned a level 1 spell: Summon Butterflies
 17576 | Lair:1   | Found a runed translucent gate.
 17577 | Lair:1   | Found a runed translucent gate.
 17752 | Lair:1   | Noticed Harold
 17770 | Lair:1   | Killed Harold
 18121 | Lair:1   | Found a runed translucent gate.
 18122 | Lair:1   | Noticed Qoguh's ghost (novice VSRg)
 18475 | Lair:2   | Found a staircase to the Swamp.
 18525 | Lair:2   | Gained mutation: You are in touch with the powers of death.
                  | [Mummy growth]
 18525 | Lair:2   | Reached XP level 13. HP: 30/106 MP: 20/20
 18855 | Lair:2   | Reached skill level 10 in Shields
 19452 | D:9      | Bought a ring of the Octopus King {MP+9 AC+1 EV+1 Str+1
                  | Int+1 Dex+1} for 583 gold pieces
 19452 | D:9      | Found the ring of the Octopus King {MP+9 AC+1 EV+1 Str+1
                  | Int+1 Dex+1}
 19724 | Lair:2   | Got a smoking quarterstaff
 20196 | Lair:2   | Got a polished leather armour
 20264 | Lair:2   | Found a hole to the Spider Nest.
 20903 | Lair:3   | Reached skill level 11 in Shields
 21031 | Lair:3   | Identified the +6 quarterstaff of the Warrior-Mage {speed,
                  | rPois Str+8 Int-3 Dex+5} (You found it on level 2 of the
                  | Lair of Beasts)
 21035 | Lair:3   | Identified the +1 leather armour of Lesser Demons {rN+ MR+
                  | Dex-3 Stlth+} (You found it on level 2 of the Lair of
                  | Beasts)
 21340 | Lair:3   | Got a smoking spear
 21341 | Lair:3   | Identified the +2 spear of Devotion {pierce, rF+ rC- rN+
                  | Dex+2} (You found it on level 3 of the Lair of Beasts)
 21554 | Lair:3   | Noticed Sonja
 21566 | Lair:3   | Killed Sonja
 22153 | Lair:4   | Reached skill level 12 in Shields
 22985 | Lair:5   | Noticed Snorg
 22996 | Lair:5   | Killed Snorg
 23575 | Lair:5   | Noticed Kirke
 23591 | Lair:5   | Killed Kirke
 23728 | Lair:5   | Reached skill level 13 in Shields
 23728 | Lair:5   | Reached XP level 14. HP: 102/113 MP: 21/21
 23977 | Lair:6   | Entered Level 6 of the Lair of Beasts
 24217 | Lair:6   | Found a staircase to the Slime Pits.
 24217 | Lair:6   | Found a viscous altar of Jiyva.
 24933 | Lair:6   | Found a large runed door.
 24934 | Lair:6   | Found a large runed door.
 25073 | Lair:6   | Reached skill level 14 in Shields
 26192 | D:7      | Bought a +1 shield of reflection for 162 gold pieces
 26224 | D:7      | Bought the amulet of Reuliav {rPois rF+ rC++ MR- Regen+}
                  | for 738 gold pieces
 26737 | D:12     | Reached skill level 15 in Shields
 26865 | D:12     | Found a gate to the Vaults.
 26897 | D:12     | Reached skill level 1 in Fire Magic
 27041 | D:12     | Paralysed by Rupert for 3 turns
 27052 | D:12     | Reached skill level 1 in Summonings
 27054 | D:12     | Paralysed by Rupert for 2 turns
 27338 | D:12     | Found a staircase to the Depths.
 27421 | D:12     | Killed Rupert
 27719 | D:12     | Found Kov Ozuof's Armour Shoppe.
 27907 | D:12     | Reached XP level 15. HP: 45/119 MP: 10/22
 28403 | D:12     | Learned a level 3 spell: Confuse
 28593 | Swamp:1  | Entered Level 1 of the Swamp
 28759 | Swamp:1  | Noticed a thorn hunter
 29060 | Swamp:1  | Reached skill level 1 in Hexes
 29114 | Swamp:1  | Slain by a thorn hunter

Skill      XL: |  1  2  3  4  5  6  7  8  9 10 11 12 13 14 15 |
---------------+----------------------------------------------+-----
Fighting       | 2 3 4 5 6 8 10 11 | 11.4
Dodging        | 4 5 6 7 8 9 |  9.8
Axes           | 1 2 3 4 |  4.6
Shields        | 2 3 4 6 8 9 13 15 | 15.0
Spellcasting   | 5 |  5.1
Conjurations   | 3 4 |  4.8
Translocations | 3 |  3.4
Air Magic      | 3 4 |  4.3
Poison Magic   | 3 |  3.4
Fire Magic     | 2 |  2.4
Summonings     | 1 2 |  2.3
Hexes          | 1 |  1.0
Maces & Flails | |  0.7
Stealth        | |  2.6

Action                   |  1- 3 |  4- 6 |  7- 9 | 10-12 | 13-15 || total
-------------------------+-------+-------+-------+-------+-------++-------
Melee: Whip              |    25 |       |   138 |   198 |       ||   361
       Hand axe          |   121 |   249 |       |   185 |       ||   555
       Long sword        |       |    38 |    15 |       |       ||    53
       Spear             |       |    31 |   108 |    21 |       ||   160
       Flail             |       |       |       |   381 |   755 ||  1136
 Fire: Hunting sling     |       |     3 |       |       |       ||     3
Throw: Tomahawk          |       |     8 |    19 |    36 |    23 ||    86
       Stone             |       |       |     1 |       |       ||     1
       Javelin           |       |       |       |    12 |       ||    12
 Cast: Mephitic Cloud    |       |       |       |    13 |    78 ||    91
       Conjure Flame     |       |       |       |       |    24 ||    24
       Blink             |       |       |       |       |     6 ||     6
       Confuse           |       |       |       |       |     2 ||     2
Invok: Call Merchant     |       |       |       |     4 |     2 ||     6
Evoke: Wand              |       |       |     5 |    26 |    26 ||    57
       Lightning rod     |       |       |       |     4 |       ||     4
       Phial of floods   |       |       |       |     1 |     1 ||     2
  Use: Scroll            |     1 |     9 |     3 |    11 |     9 ||    33
 Stab: Sleeping          |     7 |     1 |     3 |     9 |     2 ||    22
       Distracted        |       |       |     1 |     2 |     8 ||    11
       Paralysed         |       |       |     4 |    16 |     2 ||    22
       Confused          |       |       |       |     6 |    21 ||    27
       Petrified         |       |       |       |       |     3 ||     3
Armor: Robe              |    65 |       |       |       |       ||    65
       Ring mail         |    15 |   112 |       |       |       ||   127
       Animal skin       |       |    24 |    63 |   232 |   230 ||   549
Dodge: Dodged            |   119 |   213 |   154 |   618 |   517 ||  1621
Block: Buckler           |       |    43 |    48 |   225 |       ||   316
       Shield            |       |       |       |    30 |   550 ||   580
       Reflection        |       |       |       |       |     8 ||     8
